 Dungeon Crawl Stone Soup version 0.26-a0-808-g930a2b7adc (webtiles) character file.

Game seed: 7343057869264140841

9 Morbidden the Skirmisher (level 2, 21/24 HPs)
             Began as a Demonspawn Fighter on Nov 12, 2020.
             Quit the game on level 2 of the Dungeon.
             The game lasted 00:00:29 (226 turns).

Morbidden the Skirmisher (Demonspawn Fighter)        Turns: 226, Time: 00:00:29

Health: 21/24      AC:  6    Str: 16    XL:     2   Next: 3%
Magic:  2/2        EV:  6    Int:  9    God:
Gold:   12         SH:  8    Dex: 12    Spells: 1/1 levels left

rFire    . . .     SeeInvis .   a - +0 long sword
rCold    . . .     Faith    .   c - +0 kite shield
rNeg     . . .     Spirit   .   b - +0 scale mail
rPois    .         Reflect  .   (helmet restricted)
rElec    .         Harm     .   (no cloak)
rCorr    .         Rampage  .   (no gloves)
MR       .....                  (no boots)
Stlth    ..........             (no amulet)
HPRegen  0.08/turn              (no ring)
MPRegen  0.08/turn              (no ring)

@: no status effects
A: antennae 1
a: no special abilities


You were on level 2 of the Dungeon.
You visited 1 branch of the dungeon, and saw 2 of its levels.

You collected 12 gold pieces.

Inventory:

Hand Weapons
 a - a +0 long sword (weapon)
Armour
 b - a +0 scale mail (worn)
 c - a +0 kite shield (worn)
Potions
 d - a potion of might
 e - a potion of berserk rage {unknown}


   Skills:
 * Level 3.1 Fighting
 * Level 2.0 Long Blades
 + Level 2.8 Armour
 + Level 2.8 Shields


You had one spell level left.
You didn't know any spells.
Your spell library was empty.

Dungeon Overview and Level Annotations

Branches:
Dungeon (1/15)

Altars:
Trog


Innate Abilities, Weirdness & Mutations

You have a pair of small antennae on your head.


Message History

You see here 3 stones.
The hobgoblin throws a stone.
The stone hits you but does no damage.
The kobold throws a stone.
You block the stone.
The goblin throws a stone.
The stone hits you but does no damage.
You see here 4 stones.
The hobgoblin throws a stone.
You block the stone.
The goblin throws a stone.
The stone completely misses you.
You see here a stone.
The hobgoblin throws a stone.
The stone barely misses you.
You see here a stone.
The hobgoblin throws a stone.
You block the stone.
You slash the hobgoblin!
You kill the hobgoblin!
You have reached level 2!
You feel monstrous as your demonic heritage exerts itself.
Your demonic ancestry asserts itself...
A pair of antennae grows on your head!
The goblin throws a stone.
The stone hits you but does no damage.
The kobold throws a stone.
The stone hits you.
Are you sure you want to abandon this character and quit the game? (Confirm with "yes".)

## ##### ##.K #...#
#.≈g. ###(..###
#.g≈≈≈##.......##
#_....KK((......##
#((≈≈≈##K(g......#
#.≈K. ###[......# ##..
#.@(....# #####
##.....## ##...##
###...#### ##.....##
#........# ##.......##
#..#.###...
#.........####....###
.#
+.........'...........
.
#.........####.....##.<
##.......#####..#).#


You could see a goblin and 3 kobolds.

Vanquished Creatures
  A ball python (D:1)
  2 goblins (D:1)
  A hobgoblin (D:2)
  2 bats
  2 kobolds (D:1)
8 creatures vanquished.

Notes
Turn   | Place    | Note
-------+----------+-------------------------------------------
     0 | D:1      | Morbidden the Demonspawn Fighter began the quest for the
                  | Orb.
     0 | D:1      | Reached XP level 1. HP: 18/18 MP: 1/1
     6 | D:1      | Noticed a hound
     6 | D:1      | Noticed a wyvern
     6 | D:1      | Noticed an iguana
     7 | D:1      | Noticed a black bear
     7 | D:1      | Noticed a water moccasin
   182 | D:1      | You fall into a shaft and drop 1 floor!
   211 | D:2      | Found a bloodstained altar of Trog.
   225 | D:2      | Gained mutation: You have a pair of small antennae on your
                  | head. [demonic ancestry]
   225 | D:2      | Reached XP level 2. HP: 24/24 MP: 2/2
   226 | D:2      | Quit the game

Illustrated notes

Levels and vault maps discovered:
D:1:      onia_arrival_zoo_common, layout_basic
D:2:      mumra_celtic_spiral_tile, layout_loops_corners, trog_hazing_becter

Skill      XL: |  1 |
---------------+----+-----
Long Blades    | 2 |  2.0
Fighting       | |  3.1
Armour         | |  2.8
Shields        | |  2.8

Action                   || total
-------------------------++-------
Melee: Long sword        ||    27
Armor: Scale mail        ||    18
Dodge: Dodged            ||    10
Block: Kite shield       ||    22
       Rpst.: Long sword ||     3

Table legend: (Time is in decaauts)
 A = Elapsed time spent in this place.
 B = Non-inter-level travel time spent in this place.
 C = Inter-level travel time spent in this place.
 D = Time resting spent in this place.
 E = Time spent auto-exploring this place.
 F = Levels seen in this place.
 G = Mean time per level.
                   A        B        C        D        E       F      G
               +--------+--------+--------+--------+--------+-----+--------+
         Total |    236 |    236 |      0 |      0 |    155 |   2 |  118.0 |
       Dungeon |    236 |    236 |      0 |      0 |    155 |   2 |  118.0 |
               +--------+--------+--------+--------+--------+-----+--------+

Top non-repeatable levels by time:
     D:1: 189 daAuts
     D:2: 46 daAuts
